[Event "Titled Tuesday Blitz April 4 Early 2023"]
[White "Larina, Maria"]
[Black "Itkis, Boris"]
[WhiteFideId "24113182"]
[BlackFideId "1209167"]
[WhiteElo "1848"]
[BlackElo "2216"]
[Result "1-0"]
[Round "04"]
[TimeControl "180+2"]
[Date "2023.04.04"]
[WhiteClock "0:01:00"]
[BlackClock "0:00:11"]

1. e4 e6 2. d4 d5 3. Nc3 Nf6 4. Bg5 dxe4 5. Nxe4 Nbd7 6. Nf3 Be7 7. Bxf6 Nxf6 8. Nxf6+ Bxf6 9. c3 O-O 10. Bd3 c5 11. dxc5 Qa5 12. O-O Qxc5 13. Qe2 g6 14. Rfe1 b6 15. Be4 Rb8 16. Rad1 Bb7 17. Bxb7 Rxb7 18. Qe4 Rc7 19. Ne5 Qxe5 20. Qxe5 Bxe5 21. Rxe5 Rfc8 22. f3 Kf8 23. Kf2 Ke7 24. h4 Rd8 25. Ree1 Rcd7 26. Ke2 Rd5 27. Rxd5 Rxd5 28. Rd1 Ra5 29. a3 h5 30. Ke3 Re5+ 31. Kf2 Rb5 32. Rd2 a5 33. a4 Rc5 34. g3 Rc4 35. Rd4 Rxd4 36. cxd4 Kd6 37. Ke3 Kd5 38. Kd3 f6 39. b3 g5 40. Ke3 gxh4 41. gxh4 e5 42. dxe5 fxe5 43. Kd3 Kc5 44. Ke4 Kb4 45. Kxe5 Kxb3 46. f4 Kxa4 47. f5 b5 48. f6 b4 49. f7 b3 50. f8=Q b2 51. Qb8 Ka3 52. Qd6+ Ka2 53. Qd5+ Kb1 54. Qxa5 Kc1 55. Qc3+ Kb1 56. Kf4 Ka2 57. Qc4+ Ka3 58. Qa6+ Kb4 59. Qb6+ Kc3 60. Kg5 Kc2 61. Kxh5 b1=Q 62. Qxb1+ Kxb1 63. Kg6 Kc2 64. h5 Kd3 65. h6 Ke4 66. h7 Ke5 67. h8=Q+ Ke6 68. Qf8 1-0


[Site "https://www.chess.com"]

[Event "Titled Tuesday Blitz April 4 Early 2023"]
[White "Nery Junior, Jose Antonio"]
[Black "Tuleyeva-Aketayeva, Dana"]
[WhiteFideId "2104822"]
[BlackFideId "13701932"]
[WhiteElo "2197"]
[BlackElo "2030"]
[Result "1-0"]
[Round "04"]
[TimeControl "180+2"]
[Date "2023.04.04"]
[WhiteClock "0:00:44"]
[BlackClock "0:00:01"]

1. e4 c5 2. Nf3 Nc6 3. d4 cxd4 4. Nxd4 g6 5. Nc3 Bg7 6. Nxc6 bxc6 7. Bc4 d6 8. Qf3 Nf6 9. e5 dxe5 10. Qxc6+ Bd7 11. Qa6 O-O 12. O-O Bf5 13. Bb3 Qd6 14. Qa5 e4 15. h3 Rfc8 16. Be3 e6 17. Rfd1 Qe7 18. Rd2 h5 19. Rad1 Kh7 20. Qa6 Rd8 21. a4 Rxd2 22. Rxd2 e5 23. a5 h4 24. Qc6 Rc8 25. Qa6 Ra8 26. Qd6 Qxd6 27. Rxd6 Rb8 28. Bxa7 Ra8 29. Bb6 e3 30. fxe3 Ne4 31. Nxe4 Bxe4 32. c3 f5 33. Bf7 f4 34. b4 f3 35. gxf3 Bxf3 36. Bxg6+ Kh8 37. e4 1-0


[Site "https://www.chess.com"]

[Event "Titled Tuesday Blitz April 4 Early 2023"]
[White "Zampronha, Wladimir Camilo"]
[Black "dDobravcan"]
[WhiteFideId "2103087"]
[WhiteElo "2176"]
[BlackElo "2143"]
[Result "1-0"]
[Round "04"]
[TimeControl "180+2"]
[Date "2023.04.04"]
[WhiteClock "0:00:20"]
[BlackClock "0:00:01"]

1. e4 d5 2. exd5 Nf6 3. c4 e6 4. dxe6 Bxe6 5. d4 Qe7 6. Be3 Nc6 7. Nf3 O-O-O 8. Nc3 Qb4 9. Qb3 Ne4 10. Qxb4 Bxb4 11. Rc1 Bg4 12. d5 Nxc3 13. bxc3 Ba3 14. dxc6 Bxc1 15. cxb7+ Kxb7 16. Bxc1 Rhe8+ 17. Be2 Re4 18. Be3 f5 19. Nd2 Re6 20. Bxg4 fxg4 21. Kd1 Ra6 22. Ke2 Rxa2 23. h3 gxh3 24. Rxh3 h6 25. Rh5 a5 26. Rb5+ Kc8 27. Bd4 a4 28. Ke3 Re8+ 29. Kd3 a3 30. Ne4 g6 31. Ra5 h5 32. Nc5 Kb8 33. Rb5+ Kc8 34. g3 Ree2 35. Be3 Rab2 36. Ra5 a2 37. Ra8+ Rb8 38. Ra3 Reb2 39. Na4 R8b3 40. Nb6+ 1-0


[Site "https://www.chess.com"]

[Event "Titled Tuesday Blitz April 4 Early 2023"]
[White "Yonal, Timur"]
[Black "Estremera Panos, Sergio"]
[WhiteFideId "44115725"]
[BlackFideId "2200864"]
[WhiteElo "1966"]
[BlackElo "2253"]
[Result "1-0"]
[Round "04"]
[TimeControl "180+2"]
[Date "2023.04.04"]
[WhiteClock "0:00:16"]
[BlackClock "0:00:39"]

1. e4 c5 2. Nf3 Nc6 3. Bb5 Nf6 4. e5 Nd5 5. c3 Nc7 6. Ba4 g6 7. O-O Bg7 8. d4 cxd4 9. cxd4 O-O 10. Re1 d6 11. exd6 Qxd6 12. Be3 Bg4 13. Nc3 Rfd8 14. h3 Bxf3 15. Qxf3 Nxd4 16. Bxd4 Bxd4 17. Rad1 Ne6 18. Nb5 Qb6 19. Nxd4 Nxd4 20. Qe3 e6 21. Qe5 Qxb2 22. Rb1 Qxa2 23. Rb4 Rd5 24. Qf6 Rad8 25. Rxb7 Rf8 26. Be8 Rf5 27. Bxf7+ Rxf7 28. Rb8+ Rf8 29. Rxf8# 1-0


[Site "https://www.chess.com"]

[Event "Titled Tuesday Blitz April 4 Early 2023"]
[White "Slayyy_200"]
[Black "Theytookourjobs"]
[WhiteElo "2101"]
[BlackElo "2306"]
[Result "0-1"]
[Round "04"]
[TimeControl "180+2"]
[Date "2023.04.04"]
[WhiteClock "0:00:11"]
[BlackClock "0:00:39"]

1. e4 e6 2. d3 c5 3. Nd2 Nc6 4. g3 Nge7 5. Bg2 e5 6. Ngf3 d6 7. O-O Nd4 8. Nxd4 cxd4 9. a4 Nc6 10. f4 Be7 11. f5 Bg5 12. Qh5 Be3+ 13. Kh1 Qg5 14. Qxg5 Bxg5 15. Nc4 Bxc1 16. Nxd6+ Kd7 17. Nxf7 Rf8 18. Nxe5+ Nxe5 19. Raxc1 Kd6 20. h3 a5 21. g4 Bd7 22. b3 h6 23. Kh2 Rac8 24. Kg3 Rc3 25. Bf3 Rfc8 26. f6 gxf6 27. Bd1 Nxd3 28. cxd3 Rxc1 29. Rxf6+ Ke7 30. Rxh6 Rxd1 0-1


[Site "https://www.chess.com"]

[Event "Titled Tuesday Blitz April 4 Early 2023"]
[White "Kalajzic, Ivan"]
[Black "Hartikainen, Jarmo"]
[WhiteFideId "14506378"]
[BlackFideId "503134"]
[WhiteElo "2203"]
[BlackElo "2075"]
[Result "1-0"]
[Round "04"]
[TimeControl "180+2"]
[Date "2023.04.04"]
[WhiteClock "0:01:09"]
[BlackClock "0:00:14"]

1. d4 Nf6 2. Nc3 e6 3. Bg5 d5 4. e4 Be7 5. e5 Nfd7 6. h4 a6 7. Qg4 Bxg5 8. hxg5 c5 9. Nf3 cxd4 10. Qxd4 Nc6 11. Qf4 Qc7 12. O-O-O Ncxe5 13. Kb1 Qb8 14. Re1 Nxf3 15. Qxf3 Qd6 16. Qxd5 Qxd5 17. Nxd5 O-O 18. Ne7+ Kh8 19. Bb5 g6 20. Nxc8 axb5 21. Nd6 Ra6 22. Nxb5 Rb6 23. a4 f6 24. gxf6 Rxf6 25. f3 Nc5 26. b3 Nd7 27. Rd1 Nf8 28. Rd8 Kg7 29. Rhd1 Rf7 30. Nd6 Rd7 31. Ne8+ Kf7 32. R8xd7+ Nxd7 33. Rxd7+ Kxe8 34. Rxh7 Kf8 35. Kb2 e5 36. c4 Rd6 37. Rxb7 Rd2+ 38. Kc3 Rxg2 39. c5 Rf2 40. c6 Rxf3+ 41. Kb4 Rf1 42. c7 1-0


[Site "https://www.chess.com"]

[Event "Titled Tuesday Blitz April 4 Early 2023"]
[White "Winkels, Marcel"]
[Black "MunichMouse"]
[WhiteFideId "1003887"]
[WhiteElo "1900"]
[BlackElo "2301"]
[Result "1-0"]
[Round "04"]
[TimeControl "180+2"]
[Date "2023.04.04"]
[WhiteClock "0:00:07"]
[BlackClock "0:01:09"]

1. d4 Nf6 2. Nc3 g6 3. e4 d5 4. exd5 Nxd5 5. Bc4 c6 6. Nf3 Bg7 7. h3 Nxc3 8. bxc3 O-O 9. O-O Nd7 10. Re1 e6 11. Rb1 h6 12. Bf4 Qa5 13. Qd2 Kh7 14. Ne5 Nxe5 15. Bxe5 b6 16. Re3 Ba6 17. Bd3 Qxa2 18. Qe1 Bxd3 19. cxd3 Qd5 20. c4 Qd7 21. Qe2 Bxe5 22. dxe5 c5 23. Rf3 Qd4 24. g3 Rad8 25. Rd1 Rd7 26. Rf4 Qc3 27. Qf3 Kg7 28. Qe4 Rd4 29. Qe3 Rxf4 30. Qxf4 Qd4 31. Qf6+ Kg8 32. Kg2 Qd8 33. Qf4 Qg5 34. Qxg5 hxg5 35. Kf3 Ra8 36. Kg4 a5 37. Kxg5 Kg7 38. Rb1 Ra6 39. Kf4 a4 40. Ke4 a3 41. Ra1 a2 42. d4 Ra3 43. d5 exd5+ 44. cxd5 Kf8 45. d6 Ke8 46. Kd5 Kd7 47. Kc4 Ke6 48. f4 g5 49. Kb5 gxf4 50. gxf4 Rb3+ 51. Kc6 Rb2 52. Kc7 c4 53. d7 Rd2 54. d8=Q Rxd8 55. Kxd8 b5 56. Rxa2 b4 57. Ra1 b3 58. Ra6+ Kd5 59. Rb6 Kc5 60. Rb8 Kd4 61. h4 Kc3 62. h5 Kc2 63. h6 b2 64. h7 b1=Q 65. Rxb1 Kxb1 66. h8=Q c3 67. Qf6 c2 68. Qb6+ Kc1 69. Qe3+ Kd1 70. Qd3+ Kc1 71. f5 Kb2 72. Qxc2+ Kxc2 73. e6 fxe6 74. fxe6 Kd3 75. e7 Kd4 76. e8=Q Kd5 77. Qe7 Kd4 78. Qf6+ Ke4 79. Kd7 Kd5 80. Qf5+ 1-0


[Site "https://www.chess.com"]

[Event "Titled Tuesday Blitz April 4 Early 2023"]
[White "Rose, Felix"]
[Black "Latreche, Khadidja"]
[WhiteFideId "5105722"]
[BlackFideId "7901780"]
[WhiteElo "2039"]
[BlackElo "1869"]
[Result "1-0"]
[Round "04"]
[TimeControl "180+2"]
[Date "2023.04.04"]
[WhiteClock "0:00:53"]
[BlackClock "0:00:47"]

1. e4 c5 2. Nf3 e6 3. d4 cxd4 4. Nxd4 Nc6 5. Nc3 Qc7 6. Be3 a6 7. Qf3 Nxd4 8. Bxd4 e5 9. Qg3 d6 10. Nd5 Qxc2 11. Bd3 Qc6 12. Bb6 Be6 13. Nc7+ Kd7 14. Nxa8 Nf6 15. O-O Nxe4 16. Bxe4 Qxe4 17. Rac1 Bc4 18. Rfe1 Qd5 19. Qg4+ 1-0


[Site "https://www.chess.com"]

[Event "Titled Tuesday Blitz April 4 Early 2023"]
[White "Makhmudov, Shukhrat"]
[Black "Sanchez, Robert"]
[WhiteFideId "14200775"]
[BlackFideId "2034360"]
[WhiteElo "2135"]
[BlackElo "2042"]
[Result "1-0"]
[Round "04"]
[TimeControl "180+2"]
[Date "2023.04.04"]
[WhiteClock "0:00:31"]
[BlackClock "0:00:51"]

1. e4 e6 2. Nf3 d5 3. e5 c5 4. b4 c4 5. d4 Bxb4+ 6. c3 Be7 7. h4 Nc6 8. Ng5 f6 9. Nf3 Bd7 10. Ba3 Qc7 11. Bxe7 Ncxe7 12. exf6 gxf6 13. a4 O-O-O 14. a5 Nh6 15. g3 Nhf5 16. Bh3 e5 17. dxe5 fxe5 18. a6 b6 19. Ng5 e4 20. Nf7 e3 21. Qf3 exf2+ 22. Kxf2 Rhf8 23. Nxd8 Qc5+ 24. Ke1 Kxd8 25. g4 Qe3+ 26. Qxe3 Nxe3 27. Ra2 Nxg4 28. Rf1 Rxf1+ 29. Kxf1 h5 30. Re2 Nf5 31. Bxg4 hxg4 32. h5 Ng3+ 33. Kf2 Nxe2 34. Kxe2 Bf5 35. Nd2 g3 36. Kf3 b5 37. Kxg3 b4 38. cxb4 c3 39. Nb3 1-0


[Site "https://www.chess.com"]

[Event "Titled Tuesday Blitz April 4 Early 2023"]
[White "hsd2016"]
[Black "Torres Hernandez, Leslie Carolin"]
[BlackFideId "8400504"]
[WhiteElo "2025"]
[BlackElo "1920"]
[Result "1-0"]
[Round "04"]
[TimeControl "180+2"]
[Date "2023.04.04"]
[WhiteClock "0:00:56"]
[BlackClock "0:01:16"]

1. e4 c5 2. Nf3 d6 3. d4 cxd4 4. Nxd4 Nf6 5. Nc3 a6 6. Be2 e5 7. Nf3 Be7 8. O-O O-O 9. h3 h6 10. a4 Be6 11. Be3 Qc7 12. a5 Nbd7 13. Qd2 Rac8 14. Bd3 Nc5 15. Bxc5 dxc5 16. Qe1 c4 17. Be2 Bb4 18. Ra4 Bxa5 19. Nd2 b5 20. Ra1 Bxc3 21. bxc3 Qc6 22. Bf3 Rfd8 23. Qe3 Ra8 24. Rfd1 Nd7 25. Bg4 Nc5 26. Bxe6 Nxe6 27. g3 Nc5 28. f4 exf4 29. gxf4 Re8 30. e5 Na4 31. Nf3 Qg6+ 32. Kh1 Qxc2 33. Rac1 Qb2 34. Rg1 Rad8 35. f5 Kh7 36. f6 g6 37. Rg4 Rd3 38. Qxh6+ Kxh6 39. Rh4# 1-0


[Site "https://www.chess.com"]

[Event "Titled Tuesday Blitz April 4 Early 2023"]
[White "Singgih, Diajeng Theresa"]
[Black "Nugumanov, Bakhtiyar"]
[WhiteFideId "7104391"]
[BlackFideId "13701797"]
[WhiteElo "1891"]
[BlackElo "2209"]
[Result "0-1"]
[Round "04"]
[TimeControl "180+2"]
[Date "2023.04.04"]
[WhiteClock "0:00:14"]
[BlackClock "0:00:15"]

1. e4 e6 2. d4 d5 3. exd5 exd5 4. Nf3 Nc6 5. c3 Bd6 6. Bd3 Nge7 7. O-O O-O 8. Re1 Bf5 9. Ne5 Bxd3 10. Qxd3 Ng6 11. f4 Re8 12. Rf1 Qf6 13. Be3 Nce7 14. Nd2 Nf5 15. Rae1 c5 16. g4 Nxe3 17. Qxe3 cxd4 18. cxd4 h6 19. h3 Rac8 20. Nb3 Qh4 21. Qf2 Qxh3 22. Re3 Qh4 23. Qxh4 Nxh4 24. Rh3 Ng6 25. Na5 Nxf4 26. Rxf4 f6 27. Nxb7 Bb8 28. Rf5 fxe5 29. dxe5 Bxe5 30. b3 d4 31. Rhf3 Rc1+ 32. Kg2 Rc2+ 33. Rf2 d3 34. Na5 d2 0-1


[Site "https://www.chess.com"]

[Event "Titled Tuesday Blitz April 4 Early 2023"]
[White "Mamedov, Rauf"]
[Black "Lenderman, Aleksandr"]
[WhiteFideId "13401653"]
[BlackFideId "2021285"]
[WhiteElo "2635"]
[BlackElo "2607"]
[Result "1-0"]
[Round "05"]
[TimeControl "180+2"]
[Date "2023.04.04"]
[WhiteClock "0:00:04"]
[BlackClock "0:00:24"]

1. Nf3 b6 2. e4 Bb7 3. Nc3 e6 4. d4 Bb4 5. Bd3 d5 6. exd5 Qxd5 7. O-O Bxc3 8. bxc3 Ne7 9. Re1 Qh5 10. Be2 Qa5 11. c4 O-O 12. a4 Rd8 13. Ne5 Qc3 14. Ra3 Qb4 15. Bd3 Ng6 16. Rb3 Qd6 17. Qh5 Nd7 18. Bg5 Rf8 19. Nxg6 hxg6 20. Qh4 Rfe8 21. c5 Nxc5 22. dxc5 Qxc5 23. Bb5 Qd5 24. Bf1 f6 25. Bc1 Rad8 26. Rd3 Qf5 27. h3 Kf7 28. Qc4 c5 29. a5 Bc6 30. axb6 axb6 31. Qa6 Rxd3 32. Bxd3 Qd5 33. Be4 Qd7 34. Bxc6 Qxc6 35. Rd1 Ra8 36. Qd3 Ra7 37. Bf4 g5 38. Be3 b5 39. Qh7 Rb7 40. h4 Rd7 41. Qh5+ Ke7 42. Rxd7+ Qxd7 43. Bxc5+ Kd8 44. hxg5 f5 45. g6 Kc8 46. Be3 Kb7 47. Qf3+ Ka6 48. Qa8+ Qa7 49. Qxa7# 1-0


[Site "https://www.chess.com"]

[Event "Titled Tuesday Blitz April 4 Early 2023"]
[White "Rasulov, Vugar"]
[Black "Andreikin, Dmitry"]
[WhiteFideId "13402390"]
[BlackFideId "4158814"]
[WhiteElo "2509"]
[BlackElo "2736"]
[Result "1/2-1/2"]
[Round "05"]
[TimeControl "180+2"]
[Date "2023.04.04"]
[WhiteClock "0:02:07"]
[BlackClock "0:01:34"]

1. e4 c5 2. Nf3 e6 3. c3 d5 4. exd5 exd5 5. d4 Nc6 6. Bb5 Bd6 7. O-O Ne7 8. dxc5 Bxc5 9. Nbd2 O-O 10. Nb3 Bb6 11. h3 Bf5 12. Re1 Be4 13. Ng5 Bxf2+ 14. Kxf2 Qb6+ 15. Nd4 Nxd4 16. Qxd4 Qxb5 17. a4 Qc6 18. Nxe4 dxe4 19. Qxe4 Qb6+ 20. Qe3 Qf6+ 21. Qf3 Qb6+ 22. Qe3 Qf6+ 23. Qf3 Qb6+ 24. Qe3 1/2-1/2


[Site "https://www.chess.com"]

[Event "Titled Tuesday Blitz April 4 Early 2023"]
[White "Duda, Jan-Krzysztof"]
[Black "Rakhmatullaev, Almas"]
[WhiteFideId "1170546"]
[BlackFideId "14205793"]
[WhiteElo "2790"]
[BlackElo "2221"]
[Result "1/2-1/2"]
[Round "05"]
[TimeControl "180+2"]
[Date "2023.04.04"]
[WhiteClock "0:00:04"]
[BlackClock "0:00:05"]

1. d4 Nf6 2. c4 g6 3. Nc3 Bg7 4. e4 d6 5. Be2 O-O 6. Be3 e5 7. d5 Na6 8. g4 Nc5 9. f3 a5 10. h4 h5 11. g5 Nfd7 12. Nh3 Nb6 13. Nf2 a4 14. Qc2 Bd7 15. O-O-O Qe7 16. Kb1 Na6 17. Qd2 Be8 18. Rc1 Nc5 19. Rhg1 Bd7 20. Nfd1 Kh7 21. Bf2 f5 22. Be3 fxe4 23. fxe4 Kg8 24. Nf2 Rf7 25. Rg2 Raf8 26. Rh2 Rf4 27. Rg1 Qf7 28. Kc1 Qe7 29. Rg3 R8f7 30. Qc2 Qf8 31. Nfd1 Qe7 32. b4 axb3 33. axb3 Na6 34. Na2 Rf8 35. Ndc3 R4f7 36. b4 Ra8 37. Rf2 Rf4 38. Rh2 Raf8 39. Rg1 Bg4 40. Kb2 Bxe2 41. Qxe2 Rf3 42. Kb3 Qd7 43. Rgg2 R8f7 44. Rf2 Qg4 45. Rxf3 Rxf3 46. c5 dxc5 47. bxc5 Nd7 48. c6 Ndc5+ 49. Kb2 b6 50. Rf2 Rxf2 51. Bxf2 Qxe2+ 52. Nxe2 Nd3+ 53. Kc2 Nxf2 54. Nec3 Bf8 55. Kd2 Ng4 56. Ke2 Kf7 57. Nb5 Bd6 58. Nac3 Ke7 59. Nxd6 cxd6 60. Nb5 Nc5 61. Kf3 Nh2+ 62. Kg2 Ng4 63. Kf3 Na6 64. Ke2 Nc5 65. Kf3 1/2-1/2


[Site "https://www.chess.com"]

[Event "Titled Tuesday Blitz April 4 Early 2023"]
[White "Indjic, Aleksandar"]
[Black "Hakobyan, Aram"]
[WhiteFideId "911925"]
[BlackFideId "13306677"]
[WhiteElo "2614"]
[BlackElo "2584"]
[Result "1-0"]
[Round "05"]
[TimeControl "180+2"]
[Date "2023.04.04"]
[WhiteClock "0:00:30"]
[BlackClock "0:00:05"]

1. d4 Nf6 2. c4 e6 3. Nc3 Bb4 4. e3 Bxc3+ 5. bxc3 c5 6. Bd3 d6 7. e4 Nc6 8. Ne2 e5 9. O-O O-O 10. d5 Ne7 11. g3 Bh3 12. Re1 Nd7 13. f3 f5 14. Kh1 fxe4 15. fxe4 Nf6 16. Ng1 Bg4 17. Qc2 Qe8 18. Qg2 Qh5 19. Bd2 Rf7 20. Rf1 Raf8 21. a4 a5 22. Rab1 Nc8 23. h3 Bd7 24. Bc2 b6 25. Rf5 Bxf5 26. exf5 Ne7 27. g4 Nxg4 28. Qxg4 Nxf5 29. Bxf5 Qxf5 30. Qxf5 Rxf5 31. Rxb6 Rf1 32. Bg5 R8f5 33. Be7 e4 34. Bxd6 h5 35. Rb8+ Kh7 36. Re8 Rg5 37. Bh2 Re1 38. d6 Rd1 39. Rxe4 Rf5 40. Re2 Rff1 41. Kg2 Rf6 42. Nf3 Rg6+ 43. Kf2 Rf6 44. Be5 Rf5 45. Re3 g5 46. Ke2 Ra1 47. h4 g4 48. Ng5+ Kg6 49. Bg3 Ra2+ 50. Kd3 Ra1 51. Re6+ Kg7 52. Be5+ Kf8 53. Ke4 Rff1 54. Kd5 Rad1+ 55. Kc6 Rfe1 56. d7 g3 57. Bd6+ Rxd6+ 58. Rxd6 g2 59. d8=Q+ Re8 60. Qf6+ 1-0


[Site "https://www.chess.com"]

[Event "Titled Tuesday Blitz April 4 Early 2023"]
[White "Ashraf, Artin"]
[Black "Firouzja, Alireza"]
[WhiteFideId "22514805"]
[BlackFideId "12573981"]
[WhiteElo "2188"]
[BlackElo "2904"]
[Result "0-1"]
[Round "05"]
[TimeControl "180+2"]
[Date "2023.04.04"]
[WhiteClock "0:00:06"]
[BlackClock "0:00:14"]

1. Nf3 Nf6 2. g3 b6 3. Bg2 Bb7 4. O-O e6 5. b3 Be7 6. Bb2 O-O 7. c4 d5 8. d4 dxc4 9. bxc4 c5 10. Nbd2 cxd4 11. Nxd4 Bxg2 12. Kxg2 Qc8 13. Rc1 Rd8 14. N2f3 Nc6 15. Qb3 Na5 16. Qb5 Ne4 17. Qe5 Nf6 18. Qb5 Rd7 19. Nb3 a6 20. Qa4 Nc6 21. Rfd1 Rc7 22. c5 b5 23. Qf4 Nd5 24. Qg4 Bf8 25. e4 Nde7 26. h4 f5 27. exf5 exf5 28. Qf4 Ng6 29. Qd2 h6 30. Qd5+ Rf7 31. Re1 Nge7 32. Qd2 f4 33. Re4 fxg3 34. fxg3 Ng6 35. Rce1 Qf5 36. Qe2 Rd8 37. Nbd4 Nxd4 38. Bxd4 Bxc5 39. Bxc5 Qxc5 40. Re8+ Rxe8 41. Qxe8+ Nf8 42. Qe4 Qf5 43. Qc6 Ng6 44. Re8+ Kh7 45. Re4 Qxf3+ 0-1


[Site "https://www.chess.com"]

[Event "Titled Tuesday Blitz April 4 Early 2023"]
[White "Bachmann, Axel"]
[Black "Alekseenko, Kirill"]
[WhiteFideId "3700488"]
[BlackFideId "4135539"]
[WhiteElo "2605"]
[BlackElo "2683"]
[Result "0-1"]
[Round "05"]
[TimeControl "180+2"]
[Date "2023.04.04"]
[WhiteClock "0:00:15"]
[BlackClock "0:00:10"]

1. c4 e5 2. Nc3 d6 3. Nf3 f5 4. d4 e4 5. Ng5 Be7 6. h4 Nf6 7. Bf4 O-O 8. e3 c6 9. Be2 Na6 10. d5 c5 11. Bg3 Nc7 12. Nh3 Nd7 13. Qc2 a6 14. a3 Rb8 15. b4 b5 16. cxb5 axb5 17. Nf4 c4 18. a4 Ne5 19. Nxb5 Nxb5 20. axb5 Nd3+ 21. Kf1 Bd7 22. Ra7 Ra8 23. Qa2 Rxa7 24. Qxa7 Qa8 25. b6 Qxa7 26. bxa7 Ra8 27. Kg1 Rxa7 28. Kh2 Ra2 29. Rb1 Bb5 30. Ne6 c3 31. Bd1 Bf6 32. Bxd6 Ba4 33. Bxa4 Rxa4 34. b5 c2 35. Rf1 Ra5 36. Nc7 Ra7 37. b6 Rb7 38. Ba3 Be5+ 39. g3 Bxc7 40. bxc7 Rxc7 41. d6 Rd7 42. f3 exf3 43. g4 fxg4 44. Kg3 h5 45. e4 Kf7 46. e5 Ke6 0-1


[Site "https://www.chess.com"]

[Event "Titled Tuesday Blitz April 4 Early 2023"]
[White "Movahed, Sina"]
[Black "Korobov, Anton"]
[WhiteFideId "42520835"]
[BlackFideId "14105730"]
[WhiteElo "2225"]
[BlackElo "2638"]
[Result "0-1"]
[Round "05"]
[TimeControl "180+2"]
[Date "2023.04.04"]
[WhiteClock "0:00:25"]
[BlackClock "0:00:19"]

1. e4 c5 2. Nf3 d6 3. d4 cxd4 4. Nxd4 Nf6 5. Nc3 a6 6. Bg5 Nbd7 7. Bc4 Qb6 8. Bb3 e6 9. Qd2 Be7 10. O-O-O Nc5 11. f3 Qc7 12. g4 b5 13. Kb1 Bd7 14. Bxf6 Bxf6 15. g5 Be7 16. Qe3 b4 17. Nce2 a5 18. Bc4 O-O 19. h4 Rfc8 20. h5 Nxe4 21. fxe4 Qxc4 22. g6 e5 23. h6 fxg6 24. hxg7 Qf7 25. Rxh7 Kxh7 26. Rh1+ Kg8 27. Rh8+ Kxg7 28. Qh6+ Kf6 29. Rh7 Qxh7 30. Qxh7 Rh8 0-1


[Site "https://www.chess.com"]

[Event "Titled Tuesday Blitz April 4 Early 2023"]
[White "Naroditsky, Daniel"]
[Black "Milikow, Yoav"]
[WhiteFideId "2026961"]
[BlackFideId "2822237"]
[WhiteElo "2633"]
[BlackElo "2410"]
[Result "1-0"]
[Round "05"]
[TimeControl "180+2"]
[Date "2023.04.04"]
[WhiteClock "0:00:06"]
[BlackClock "0:00:01"]

1. d4 d5 2. Nc3 Nf6 3. Bf4 c5 4. e4 Nxe4 5. Nxe4 dxe4 6. dxc5 Qa5+ 7. c3 Qxc5 8. Qa4+ Nc6 9. Qxe4 g6 10. Nf3 Bg7 11. Rd1 O-O 12. Be3 Qf5 13. Bd3 Qxe4 14. Bxe4 Be6 15. O-O Rfd8 16. a3 Bb3 17. Rxd8+ Rxd8 18. Bxc6 bxc6 19. Bxa7 e5 20. Be3 f5 21. Nd2 Be6 22. f4 g5 23. g3 Rd3 24. Re1 gxf4 25. gxf4 e4 26. a4 c5 27. a5 Bc8 28. Nb3 c4 29. Nc5 Rd6 30. Ra1 Bf8 31. a6 Rg6+ 32. Kf1 Bxc5 33. a7 Bxa7 34. Rxa7 Ra6 35. Rc7 Be6 36. Bd4 Ra2 37. Re7 Bf7 38. Rb7 Bh5 39. Kf2 Bd1 40. Kg3 Bb3 41. Kh4 Rxb2 42. Kg5 Rxh2 43. Kf6 Rh6+ 44. Kxf5 Bc2 45. Bf6 e3+ 46. Ke6 Rxf6+ 47. Kxf6 1-0


[Site "https://www.chess.com"]

[Event "Titled Tuesday Blitz April 4 Early 2023"]
[White "Bortnyk, Olexandr"]
[Black "Narayanan, Srinath"]
[WhiteFideId "14120828"]
[BlackFideId "5018420"]
[WhiteElo "2734"]
[BlackElo "2438"]
[Result "0-1"]
[Round "05"]
[TimeControl "180+2"]
[Date "2023.04.04"]
[WhiteClock "0:00:01"]
[BlackClock "0:00:06"]

1. d4 d5 2. Nc3 Nf6 3. Bf4 c5 4. e4 Nxe4 5. Nxe4 dxe4 6. dxc5 Qa5+ 7. c3 Qxc5 8. Qa4+ Nc6 9. Qxe4 Bf5 10. Qa4 e6 11. Nf3 Be7 12. Be3 Qa5 13. Qxa5 Nxa5 14. Bb5+ Kf8 15. O-O-O a6 16. Be2 Ke8 17. Ne5 f6 18. Nc4 Nxc4 19. Bxc4 Rc8 20. Bb3 h5 21. Rhe1 Rc6 22. f3 h4 23. Re2 Rh5 24. Red2 b5 25. Re2 Bg6 26. Bf2 Bf7 27. Rd4 g5 28. Red2 e5 29. Rd7 Bxb3 30. axb3 Rh7 31. Ra7 Kf7 32. Rdd7 Ke6 33. b4 f5 34. Rab7 g4 35. Bc5 Bg5+ 36. Kc2 Rxd7 37. Rb8 Rcc7 38. Re8+ Kf7 39. Rxe5 Kg6 40. Re6+ Kf7 41. Rxa6 Rd2+ 42. Kb3 Rxg2 43. fxg4 fxg4 44. Rb6 Rd7 45. Rxb5 Rxh2 46. Bd4 Be7 47. Rf5+ Ke6 48. Re5+ Kf7 49. Rf5+ Kg6 50. Rf4 g3 51. b5 Re2 52. b6 g2 53. Bg1 h3 54. Rg4+ Kf5 55. Rg3 Re1 56. Bh2 Rh1 57. Rf3+ Ke4 58. Rxh3 Rxh2 59. Rxh2 g1=Q 60. Re2+ Kf3 61. Re6 Qc5 62. Rh6 Qb5+ 63. Kc2 Bg5 64. Rh3+ Kg4 65. c4 Qxc4+ 0-1


[Site "https://www.chess.com"]

[Event "Titled Tuesday Blitz April 4 Early 2023"]
[White "Gharibyan, Mamikon"]
[Black "Svane, Rasmus"]
[WhiteFideId "13308300"]
[BlackFideId "4657101"]
[WhiteElo "2445"]
[BlackElo "2597"]
[Result "0-1"]
[Round "05"]
[TimeControl "180+2"]
[Date "2023.04.04"]
[WhiteClock "0:00:24"]
[BlackClock "0:01:41"]

1. e4 c6 2. Nf3 d5 3. d3 dxe4 4. dxe4 Qxd1+ 5. Kxd1 Nf6 6. Nfd2 h5 7. h4 Ng4 8. Ke1 e5 9. Nc4 Bc5 10. f3 b5 11. fxg4 bxc4 12. gxh5 Be6 13. Nd2 c3 14. bxc3 Nd7 15. Nf3 Nf6 16. Bd3 Nxh5 17. Ng5 Bg4 18. Bc4 Ng3 19. Nxf7 Rf8 20. Nxe5 Bf2+ 21. Kd2 Rd8+ 22. Bd3 Nxe4# 0-1


[Site "https://www.chess.com"]

[Event "Titled Tuesday Blitz April 4 Early 2023"]
[White "Martinez Alcantara, Jose Eduardo"]
[Black "Maksimovic, Bojan"]
[WhiteFideId "3805662"]
[BlackFideId "14408120"]
[WhiteElo "2711"]
[BlackElo "2468"]
[Result "1-0"]
[Round "05"]
[TimeControl "180+2"]
[Date "2023.04.04"]
[WhiteClock "0:00:49"]
[BlackClock "0:00:01"]

1. e4 c5 2. Nf3 Nc6 3. c3 d5 4. exd5 Qxd5 5. d4 e6 6. Be3 cxd4 7. cxd4 Nf6 8. Nc3 Bb4 9. Bd3 Qa5 10. O-O O-O 11. Ne4 Nd5 12. a3 Be7 13. b4 Qd8 14. Rc1 Bd7 15. Nc5 Bxc5 16. dxc5 Nxe3 17. fxe3 a6 18. Be4 Qe7 19. Nd4 Rad8 20. Qf3 Nxd4 21. exd4 Bc8 22. Rcd1 g6 23. Qe3 Qh4 24. h3 Rd7 25. d5 exd5 26. Bxd5 Re7 27. Qf3 Kg7 28. Rd2 Qg5 29. Qc3+ Qe5 30. Qxe5+ Rxe5 31. Bf3 Re6 32. Kf2 g5 33. Rfd1 h6 34. Rd6 Rxd6 35. Rxd6 Re8 36. a4 h5 37. Rb6 Re7 38. Bxh5 a5 39. bxa5 Re5 40. Rb5 f5 41. Bf3 Kf6 42. c6 1-0


[Site "https://www.chess.com"]

[Event "Titled Tuesday Blitz April 4 Early 2023"]
[White "Costachi, Mihnea"]
[Black "Zhigalko, Sergei"]
[WhiteFideId "1217518"]
[BlackFideId "13502956"]
[WhiteElo "2456"]
[BlackElo "2626"]
[Result "1-0"]
[Round "05"]
[TimeControl "180+2"]
[Date "2023.04.04"]
[WhiteClock "0:00:49"]
[BlackClock "0:00:15"]

1. d4 Nf6 2. Nc3 d5 3. Bf4 a6 4. e3 e6 5. g4 c5 6. g5 Nfd7 7. h4 Nc6 8. Nf3 b5 9. h5 Nb6 10. a4 b4 11. Ne2 Nc4 12. b3 Na3 13. Ng3 Bd7 14. g6 f5 15. gxh7 Rxh7 16. Ng5 Rh6 17. Nf3 Rh8 18. Nh4 cxd4 19. Ng6 Rg8 20. exd4 Qb6 21. Ne2 Nxd4 22. Nxd4 Qxd4 23. Bd3 Bc5 24. O-O a5 25. Qf3 O-O-O 26. Ba6# 1-0


[Site "https://www.chess.com"]